Zazza, neutral female human Tourist .GG. %@s. .... ..h.. ...<. ..... Zazza the Excursionist Experience level: 6 Strength: 25 Dexterity: 10 Constitution: 18 Intelligence: 14 Wisdom: 8 Charisma: 17 Health: 0(53) Energy: 23(23) Def: 8 Gold: 0 Moves: 2210 Dungeon seed: Ckxa9AotpzRcHdKp Game ID: Zazza_1590405849 Your Inventory: Amulets f - an uncursed amulet versus poison (being worn) Weapons a - 28 +2 darts (in quiver) P - a +0 elven dagger (weapon in hand) Q - 8 +0 daggers Armor e - an uncursed +0 Hawaiian shirt (being worn) r - an uncursed +0 pair of gauntlets of power (being worn) y - a cursed -1 pair of fumble boots named cursed z - an uncursed +0 pair of speed boots (being worn) A - an uncursed +0 pair of kicking boots B - an uncursed +0 helm of telepathy (being worn) N - a cursed -1 dwarvish mithril-coat (being worn) U - an uncursed +0 pair of iron shoes Comestibles b - 2 uncursed eggs g - an uncursed melon w - an uncursed lichen corpse x - an uncursed orange D - 4 uncursed food rations S - an uncursed candy bar Scrolls j - 4 uncursed scrolls of magic mapping o - a blessed scroll of enchant armor Spellbooks p - an uncursed spellbook of light s - an uncursed spellbook of detect monsters C - an uncursed spellbook of create familiar E - an uncursed spellbook of magic missile Potions i - 2 uncursed potions of extra healing O - a blessed potion of full healing Rings m - an uncursed ring of aggravate monster (on left hand) Wands n - a wand of secret door detection (0:11) F - a wand of sleep (0:4) H - a wand of probing (0:7) W - a wand of polymorph (0:5) Tools k - an expensive camera (0:67) l - an uncursed credit card I - an uncursed blindfold J - 10 uncursed tallow candles (0:200) R - a cursed tallow candle (0:200) Gems q - 3 uncursed worthless pieces of orange glass K - an uncursed topaz stone M - an uncursed worthless piece of white glass T - an uncursed amber stone Y - an uncursed worthless piece of red glass Spells and supernatural/magical abilities: Name Level Category Fail Memory W - pray for help -- divine ? -- Your skills at the end: Fighting Skills Weapon Skills dagger [Basic] dart [Basic] Spellcasting Skills Final Attributes: You were piously aligned. You were poison resistant. You were telepathic. You aggravated monsters. You were very fast. You are dead. Vanquished creatures: 2 gnome kings a bugbear a water nymph an Uruk-hai a rock mole 2 gnome lords 2 gnomish wizards a ghoul a kitten 5 dwarves 2 homunculi a coyote a hobbit 2 giant rats 20 gnomes a gnome zombie a gecko a jackal 2 foxes a goblin 6 grid bugs 4 lichens 8 newts 67 creatures vanquished. Voluntary challenges: You had been an atheist until turn 2158. You used a wielded weapon 63 times, starting on turn 1086. You read items or engraved 7 times, starting on turn 363. You never genocided any monsters. You never polymorphed an object. You never changed form. You used no wishes. You never split a pudding. You wrote Elbereth's name 3 times, starting on turn 364. You never violated your personal moral code. Dungeon overview: The Dungeons of Doom: levels 1 to 4 Level 1 a long staircase Level 2 an armor shop, a sink Level 3 an armor shop, a sink Level 4 a fountain stairs to The Gnomish Mines The Gnomish Mines: levels 5 to 8 Level 5 stairs to The Dungeons of Doom Level 6 Level 7 some shops, a temple to Blind Io, some fountains Level 8 <- You were here History has recorded: On T:1 you entered the Dungeons of Doom to retrieve the Amulet of Yendor! On T:414 you reached level 2 of The Dungeons of Doom. On T:978 you advanced to experience level 2. On T:1115 you reached level 3 of The Dungeons of Doom. On T:1357 you reached level 4 of The Dungeons of Doom. On T:1432 you advanced to experience level 3. On T:1554 you reached level 1 of The Gnomish Mines. On T:1579 you advanced to experience level 4. On T:1599 you advanced to experience level 5. On T:1850 you reached level 2 of The Gnomish Mines. On T:1922 you advanced to experience level 6. On T:1967 you reached level 3 of The Gnomish Mines. On T:2194 you reached level 4 of The Gnomish Mines. Score breakdown: Gold: 0 ( 0 points) Experience: 6 levels (12456 points) Exploration: 8 levels ( 16.00%) (11338 points) Discoveries: 8 items ( 2.68%) ( 4915 points) Valuables value: (no points given unless you survive) Artifact value: 0 ( 0 points) Variety of kills: 23 monsters ( 6.04%) ( 7370 points) Turncount: 2210 turns ( -148 points) Survival: died (score multiplied by 80%) Total score: 28744 Latest messages: Aloha Zazza, the human Tourist, welcome back to NetHack! You see here a bugbear corpse. You kill the water nymph! You see here a water nymph corpse. You see a door open. You see here a gnome corpse. There is an open door here. You see here a gnome corpse. You hear a chugging sound. The gnome misses. You kill the gnome! The gnome king hits! (5x) The gnome king just misses! The gnome misses. The gnome king hits! The gnome misses. The bottle crashes on your head and breaks into shards. It suddenly gets dark. The gnome king misses. You can see again. The gnome king hits! The gnome misses. The giant spider bites! (2x) You die... Final status: Aloha Zazza the Tourist, killed by a giant spider... You died in The Gnomish Mines on dungeon level 8 with 28744 points, and 0 pieces of gold, after 2210 moves. You were level 6 with a maximum of 53 hit points when you died.